 Dungeon Crawl Stone Soup version 0.20.1-1-g8b1a95d (webtiles) character file.

44 tirato the Insei (level 3, 0/29 HPs)
             Began as a Demonspawn Chaos Knight on July 13, 2017.
             Slain by a jackal (2 damage)
             ... on level 3 of the Dungeon.
             The game lasted 00:08:33 (2094 turns).

tirato the Insei (Demonspawn Chaos Knight)          Turns: 2094, Time: 00:08:34

Health: 0/29       AC:  5    Str: 12    XL:     3   Next: 41%
Magic:  3/3        EV: 11    Int: 13    God:    Xom [...*..]
Gold:   75         SH:  0    Dex: 13    Spells: 2/2 levels left

rFire    . . .     SeeInvis .     - Unarmed
rCold    . . .     Gourm    .   (no shield)
rNeg     . . .     Faith    .   a - +2 leather armour
rPois    .         Spirit   .   (no helmet)
rElec    .         Reflect  .   (no cloak)
rCorr    .         Harm     .   (no gloves)
MR       .....                  (no boots)
Stlth    ++........             (no amulet)
Regen    0.1/turn               (no ring)
MPRegen  0.1/turn               (no ring)

@: no status effects
A: nightstalker 1
a: Renounce Religion


You were on level 3 of the Dungeon.
You worshipped Xom.
You were a favourite toy of Xom.
You were not hungry.

You visited 1 branch of the dungeon, and saw 3 of its levels.

You collected 75 gold pieces.

Inventory:

Armour
 a - a +2 leather armour (worn)
Jewellery
 g - an uncursed ring of magical power {unknown}
Scrolls
 f - 3 scrolls of teleportation {unknown}
 h - a scroll of identify {unknown}
 l - 2 scrolls of remove curse {unknown}
 m - a scroll of amnesia {unknown}
Potions
 d - a potion of agility {unknown}
 e - a potion of brilliance {unknown}
 i - 2 potions of degeneration {unknown}
 j - a potion of might {unknown}
Comestibles
 b - a bread ration
 c - 3 meat rations


   Skills:
 + Level 3.1 Fighting
 + Level 2.2 Armour
 + Level 1.2 Dodging
 + Level 0.4 Stealth
 + Level 3.4 Unarmed Combat


You had 2 spell levels left.
You didn't know any spells.

Dungeon Overview and Level Annotations

Branches:
Dungeon (3/15)

Altars:
Fedhas
Hepliaklqana

Annotations:
D:3 Ijyb, Sigmund


Innate Abilities, Weirdness & Mutations

You are slightly more attuned to the shadows.


Message History

The jackal bites you but does no damage.
The jackal barely misses you. The jackal closely misses you.
The jackal bites you but does no damage.
The jackal bites you but does no damage.
The jackal barely misses you. The jackal bites you.
* * * LOW HITPOINT WARNING * * *
The jackal closely misses you.
You hit the jackal.
The jackal is severely wounded.
The jackal bites you but does no damage. x2
The jackal closely misses you.
You hit the jackal.
You kill the jackal!
The jackal misses you.
You hit the jackal but do no damage. The jackal bites you.
* * * LOW HITPOINT WARNING * * *
You completely miss the jackal. The jackal bites you.
You die... "Boring in life, boring in death..."

..........+...
#.........#...
.............. #####
#.. .......# ##....
#.# #......#
......##.####.$....#
......@†...........#
##
.....?.h...........#
.
###................#
#
+.........?......#+##
#...................[
#########.#........?#
#.#..........
#.#.........#
#.#.$.......#


You could see a jackal.

Vanquished Creatures
  An adder (D:2)
  3 giant cockroaches
  5 goblins
  3 hobgoblins
  A jackal (D:3)
  4 kobolds
  A quokka (D:2)
  8 bats
  2 frilled lizards
  5 rats
33 creatures vanquished.

Notes
Turn   | Place    | Note
-------+----------+-------------------------------------------
     0 | D:1      | tirato the Demonspawn Chaos Knight began the quest for the Orb.
     0 | D:1      | Reached XP level 1. HP: 18/18 MP: 1/1
   134 | D:1      | XOM: harmless Summ miscast
   147 | D:1      | XOM: harmless Conj miscast
   168 | D:1      | XOM: harmless Fire miscast
   231 | D:1      | Reached skill level 1 in Dodging
   664 | D:1      | Gained mutation: You are slightly more attuned to the shadows. [demonic ancestry]
   664 | D:1      | Reached XP level 2. HP: 24/24 MP: 2/2
   792 | D:1      | XOM: confuse monster(s)
  1193 | D:2      | Found a faded altar of an unknown god.
  1260 | D:2      | Reached XP level 3. HP: 23/29 MP: 3/3
  1365 | D:2      | Found a blossoming altar of Fedhas.
  1970 | D:3      | Found a hazy altar of Hepliaklqana.
  1980 | D:3      | Noticed Ijyb
  1984 | D:3      | XOM: enchant monster (good)
  2007 | D:3      | XOM: cleaving
  2047 | D:3      | Noticed Sigmund
  2052 | D:3      | XOM: butterfly on damage
  2057 | D:3      | XOM: confuse monster(s)
  2070 | D:3      | XOM: god gift: heavily jewelled robe {god gift}
  2094 | D:3      | Slain by a jackal

Skill      XL: |  1  2 |
---------------+-------+-----
Dodging        | 1 |  1.2
Armour         | 2 |  2.2
Unarmed Combat | 3 |  3.4
Fighting       | |  3.1
Stealth        | |  0.4

Action                   || total
-------------------------++-------
Melee: Unarmed           ||   177
       Punch             ||     1
 Stab: Sleeping          ||     5
       Confused          ||     1
       Paralysed         ||     6
  Eat: Chunk             ||     1
       Meat ration       ||     1
Armor: Leather armour    ||   104
Dodge: Dodged            ||   157
